 Dungeon Crawl Stone Soup version 0.30-a0-634-g8abc85282e (webtiles) character file.

Game seed: 12096427703724821896

928 M4edhros the Sneak (level 8, -1/47 (48) HPs)
             Began as an Octopode Artificer on Jan 14, 2023.
             Slain by a sky beast (2 damage)
             ... on level 6 of the Dungeon.
             The game lasted 00:04:51 (1152 turns).

M4edhros the Sneak (Octopode Artificer)             Turns: 1152, Time: 00:04:52

HP:   -1/47 (48)    AC:  1    Str: 11    XL:     8   Next: 11%
MP:   8/8           EV: 14    Int: 14    God:
Gold: 132           SH:  0    Dex: 14    Spells: 7/7 levels left

rFire   . . .      SeeInvis .    h - +3 dagger (speed)
rCold   . . .      Faith    .    (no shield)
rNeg    . . .      Spirit   .    (helmet restricted)
rPois   .          Reflect  .    (no amulet)
rElec   .          Harm     .    (no ring)
rCorr   .          Rampage  .    (no ring)
Will    .....                    (no ring)
Stlth   +++++                    (no ring)
HPRegen 0.27/turn                (no ring)
MPRegen 0.11/turn                (no ring)
                                 (no ring)
                                 (no ring)

@: lightly drained
A: almost no armour, amphibious, 8 rings, camouflage 1, gelatinous body 1,
(nimble swimmer 1), tentacles
a: no special abilities


You were on level 6 of the Dungeon.
You visited 1 branch of the dungeon, and saw 7 of its levels.

You collected 132 gold pieces.

Inventory:

Hand Weapons
 a - a +0 club
 h - a +3 dagger of speed (weapon)
Wands
 b - a wand of flame (15) (quivered)
 c - a wand of charming (7)
 d - a wand of iceblast (4)
Scrolls
 e - a scroll of noise {unknown}
 f - 6 scrolls of identify {unknown}
 i - a scroll of enchant weapon {unknown}
Potions
 g - 2 potions of mutation {unknown}
 j - 2 potions of flight
 k - a potion of brilliance {unknown}


   Skills:
 - Level 1.6 Fighting
 * Level 4.3 Short Blades
 - Level 2.6 Maces & Flails
 + Level 4.6 Dodging
 * Level 7.9 Stealth
 - Level 3.6 Evocations


You had 7 spell levels left.
You didn't know any spells.
Your spell library contained the following spells:

 Spells                   Type           Power      Damage    Failure   Level
 Ozocubu's Armour         Ice            0%         N/A       65%         3
 Metabolic Englaciation   Hex/Ice        0%         N/A       100%        5
 Simulacrum               Ice/Necr       0%         N/A       100%        6


Dungeon Overview and Level Annotations

Branches:
Dungeon (7/15)
 Temple: D:4-7

Altars:
Dithmenos
Gozag

Annotations:
D:3 3 runed translucent doors, LetschGu's ghost, amateur OgMo
D:6 3 runed translucent doors, Zigma's ghost, novice OpSu


Innate Abilities, Weirdness & Mutations

You cannot wear most types of armour.
You are amphibious.
You can wear up to eight rings at the same time.
Your skin changes colour to match your surroundings (Stealth+).
Your rubbery body absorbs attacks. (AC +1, EV +1)
((You are camouflaged when in or above water. (Stealth+)))
You have tentacles for arms and can constrict up to eight enemies at once.


Message History

Your howler monkey hits the necrophage.
The necrophage closely misses your howler monkey.
Aiming: Iceblast
Press: ? - help, Shift-Dir - straight line, f - sky beast
Aim: a sky beast Really fire at your howler monkey?
The mass of ice explodes!
The iceblast engulfs the sky beast!
The sky beast is heavily wounded.
The iceblast engulfs your howler monkey!
You kill your howler monkey!
The iceblast engulfs the necrophage!
The necrophage partially resists.
The necrophage is heavily damaged.
You hear a shout!
You hear an angry hiss.
You barely miss the necrophage. You grab the necrophage.
The necrophage is heavily damaged.
You constrict the necrophage, but do no damage.
You hit the sky beast. Your squeeze misses the sky beast.
The sky beast is severely wounded.
You constrict the necrophage.
The sky beast flickers out of sight!
Deactivating autopickup; reactivate with Ctrl-A.
Something hits you. Something shocks you.
* * * LOW HITPOINT WARNING * * *
The necrophage hits you.
* * * LOW HITPOINT WARNING * * *
You feel drained.
* * * LOW HITPOINT WARNING * * *
Okay, then.
Aiming: Charm
Press: ? - help, Shift-Dir - straight line, f - necrophage
Aim: a necrophage (heavily damaged, constricted by you, chance to affect: 40%) Nothing appears to happen.
You constrict the necrophage. Something hits you.
* * * LOW HITPOINT WARNING * * *
Something shocks you.
* * * LOW HITPOINT WARNING * * *
The necrophage barely misses you.
Aiming: Charm
Press: ? - help, Shift-Dir - straight line, f - necrophage
Aim: a necrophage (severely damaged, constricted by you, chance to affect: 40%) Nothing appears to happen.
You constrict the necrophage. Something hits you.
You die...

###### #....# #....#
#....# #....# #....#
#....# #@...# #{n..#
#....# #.).)#
#....#...P~≈#
#....#....~≈# ##
#....#....~≈# O.#.
#....#....~≈#####~
######....#....~≈≈≈≈≈≈≈


You could see a necrophage.

Vanquished Creatures
  Eustachio (D:4)
  Menkaure (D:7)
  A water moccasin (D:7)
  An ice beast (D:6)
  A necrophage (D:7)
  2 scorpions
  A howler monkey (D:6)
  2 orc priests (D:4)
  Jessica (D:2)
  2 iguanas
  2 adders
  A shadow imp (D:7)
  An ufetubus (D:5)
  A dart slug (D:1)
  3 orcs
  2 bats
  3 endoplasms
  A giant cockroach (D:4)
  A goblin (D:2)
  A hobgoblin (D:1)
  2 kobolds (D:1)
  A quokka (D:3)
  6 frilled lizards
  2 rats
40 creatures vanquished.

Vanquished Creatures (collateral kills)
  2 howler monkeys (D:6)
  A hound (D:6)
  An orc (D:4)
4 creatures vanquished.

Vanquished Creatures (others)
  An ogre (D:6)
  13 plants (D:4)
14 creatures vanquished.

Grand Total: 58 creatures vanquished

Notes
Turn   | Place    | Note
-------+----------+-------------------------------------------
     0 | D:1      | M4edhros the Octopode Artificer began the quest for the
                  | Orb.
     0 | D:1      | Reached XP level 1. HP: 13/13 MP: 1/1
    51 | D:1      | Reached XP level 2. HP: 13/18 MP: 2/2
   133 | D:2      | Found a faded altar of an unknown god.
   196 | D:2      | Reached skill level 2 in Stealth
   213 | D:2      | Noticed Jessica
   221 | D:2      | Killed Jessica
   222 | D:2      | Reached skill level 1 in Maces & Flails
   222 | D:2      | Reached XP level 3. HP: 23/23 MP: 3/3
   420 | D:3      | Found a runed translucent gate.
   425 | D:3      | Found a runed translucent gate.
   425 | D:3      | Noticed LetschGu's ghost (amateur OgMo)
   426 | D:3      | Found a runed translucent gate.
   429 | D:3      | Identified the +4 mace "Diwik" {venom, rN+}
   462 | D:4      | Noticed Eustachio
   474 | D:4      | Killed Eustachio
   475 | D:4      | Reached skill level 4 in Stealth
   475 | D:4      | Reached XP level 4. HP: 14/28 MP: 4/4
   475 | D:4      | Reached XP level 5. HP: 16/33 MP: 5/5
   554 | D:4      | Found a shadowy altar of Dithmenos.
   639 | D:4      | Reached skill level 1 in Short Blades
   639 | D:4      | Reached XP level 6. HP: 19/38 MP: 6/6
   697 | D:5      | Entered Level 5 of the Dungeon
   790 | D:5      | Reached skill level 5 in Stealth
   852 | D:6      | Noticed an ice beast
   856 | D:6      | Killed an ice beast
   870 | D:6      | Reached skill level 6 in Stealth
   870 | D:6      | Reached XP level 7. HP: 37/43 MP: 7/7
   912 | D:7      | Noticed Menkaure
   919 | D:7      | Killed Menkaure
   920 | D:7      | Reached skill level 7 in Stealth
  1075 | D:6      | Found a runed translucent gate.
  1076 | D:6      | Found a runed translucent gate.
  1076 | D:6      | Found an opulent altar of Gozag.
  1078 | D:6      | Found a runed translucent gate.
  1079 | D:6      | Noticed Zigma's ghost (novice OpSu)
  1080 | D:6      | Noticed a steam dragon
  1103 | D:6      | Reached XP level 8. HP: 21/48 MP: 8/8
  1151 | D:6      | HP: 1/47 [something (5)]
  1152 | D:6      | Slain by a sky beast

Illustrated notes

Levels and vault maps discovered:
D:1:      enne_arrival_octagon_isle, layout_basic, minmay_lizard_pond
D:2:      layout_basic, ebering_ecumenical_altar_ruins, uniq_sigmund,
          uniq_jessica
D:3:      minmay_angry_zag, layout_rooms, biasface_ghost_orc_armoury,
          serial_shops, nicolae_square_shop
D:4:      layout_basic, mainiacjoe_overflow_catwalk, amcnicky_altar_gilded,
          serial_bayou, serial_bayou_lagoon_a, serial_bayou_shore_a,
          serial_bayou_shore_b, serial_bayou_crossing, ebering_ghost_sewer_d,
          chequers_serial_rivers_room_b, kennysheep_another_room, uniq_edmund,
          uniq_eustachio
D:5:      layout_basic, corner_web_ring, columned_hall_lemuel,
          minmay_misc_feat_hallway
D:6:      lemuel_castle_with_subvaults [lemuel_castle_interior_carwin_3],
          layout_gridville, ebering_ghost_gozag, dreamdust_mushroom_princess
D:7:      layout_loops_ring, led_xom_imps, uniq_menkaure

Skill      XL: |  1  2  3  4  5  6  7 |
---------------+----------------------+-----
Stealth        | 2 4 6 7 |  7.9
Maces & Flails | 1 2 |  2.6
Dodging        | 3 4 |  4.6
Short Blades   | 1 2 4 |  4.3
Fighting       | |  1.6
Evocations     | |  3.6

Action                   |  1- 3 |  4- 6 |  7- 9 || total
-------------------------+-------+-------+-------++-------
Melee: Club              |    30 |       |       ||    30
       Tentacles         |    11 |     7 |     6 ||    24
       Constrict         |     8 |     7 |     4 ||    19
       Dagger            |    18 |    29 |    17 ||    64
       Punch             |       |     1 |       ||     1
Evoke: Wand              |       |     6 |    16 ||    22
  Use: Potion            |     3 |       |       ||     3
 Stab: Sleeping          |     5 |     3 |     4 ||    12
Armor: Skin              |     2 |     1 |     1 ||     4
Dodge: Dodged            |    24 |    10 |    11 ||    45

Table legend: (Time is in decaauts)
 A = Elapsed time spent in this place.
 B = Non-inter-level travel time spent in this place.
 C = Inter-level travel time spent in this place.
 D = Time resting spent in this place.
 E = Time spent auto-exploring this place.
 F = Levels seen in this place.
 G = Mean time per level.
                   A        B        C        D        E       F      G
               +--------+--------+--------+--------+--------+-----+--------+
         Total |   1130 |   1117 |     13 |      0 |    456 |   7 |  161.4 |
       Dungeon |   1130 |   1117 |     13 |      0 |    456 |   7 |  161.4 |
               +--------+--------+--------+--------+--------+-----+--------+

Top non-repeatable levels by time:
     D:4: 237 daAuts
     D:2: 234 daAuts
     D:7: 177 daAuts
     D:5: 142 daAuts
     D:1: 139 daAuts
     D:6: 117 daAuts
     D:3: 79 daAuts
